 Dungeon Crawl Stone Soup version 0.28.0-47-ge53b351184 (webtiles) character file.

Game seed: 6507972072026068248

267 NinjaNoafa the Grasshopper (level 6, 0/75 HPs)
             Began as a Gnoll Warper on May 10, 2022.
             Was an Initiate of Gozag.
             Slain by an orc warrior
             ... wielding a +0 short sword
              (2 damage)
             ... on level 5 of the Dungeon on May 11, 2022.
             The game lasted 00:10:23 (4631 turns).

NinjaNoafa the Grasshopper (Gnoll Warper)           Turns: 4631, Time: 00:10:24

Health: 0/75       AC: 23    Str: 10    XL:     6   Next: 21%
Magic:  14/14      EV:  2    Int: 15    God:    Gozag
Gold:   100        SH:  0    Dex: 11    Spells: 12/15 levels left

rFire   . . .      SeeInvis .   i - staff of poison
rCold   . . .      Faith    .   (no shield)
rNeg    . . .      Spirit   .   (armour currently unavailable)
rPois   +          Reflect  .   (helmet currently unavailable)
rElec   .          Harm     .   (cloak currently unavailable)
rCorr   .          Rampage  .   (gloves currently unavailable)
Will    .....      NoTele   +   (boots currently unavailable)
Stlth   ++........              (no amulet)
HPRegen 0.22/turn               (no ring)
MPRegen 0.14/turn               (no ring)

@: tree-form (expiring), gold aura
A: stationary, stasis, torment immunity, boosted hp, (fangs 1), strong nose,
distributed training
a: Renounce Religion, Potion Petition, Call Merchant, Bribe Branch


You were on level 5 of the Dungeon.
You worshipped Gozag.
Gozag was aware of your devotion.
You were a tree.
You visited 2 branches of the dungeon, and saw 7 of its levels.

You collected 181 gold pieces.
You paid 81 gold pieces to Gozag.

Inventory:

Hand Weapons
 a - a +3 vorpal hand axe
Missiles
 d - 4 boomerangs of dispersal (quivered)
 f - 61 stones
 g - 15 arrows
 n - 6 poisoned darts
 o - 2 boomerangs
 v - 14 sling bullets
Armour
 b - a +0 leather armour (melded)
 q - a +0 cloak (melded)
Magical Staves
 i - a staff of poison (weapon)
Wands
 j - a wand of iceblast (12)
 r - a wand of paralysis (7)
Scrolls
 k - 3 scrolls of identify
 l - 2 scrolls of vulnerability
Potions
 h - a potion of lignification


   Skills:
 + Level 4.9 Fighting
 + Level 1.8 Short Blades
 + Level 1.8 Long Blades
 + Level 4.9 Axes
 + Level 1.8 Maces & Flails
 + Level 1.8 Polearms
 + Level 1.8 Staves
 + Level 1.8 Slings
 + Level 1.8 Bows
 + Level 1.8 Crossbows
 + Level 3.2 Throwing
 + Level 3.2 Armour
 + Level 4.9 Dodging
 + Level 1.8 Stealth
 + Level 1.8 Shields
 + Level 1.8 Unarmed Combat
 + Level 5.3 Spellcasting
 + Level 1.4 Conjurations
 + Level 1.4 Hexes
 + Level 1.4 Summonings
 + Level 1.4 Necromancy
 + Level 5.6 Translocations
 + Level 1.4 Transmutations
 + Level 1.4 Fire Magic
 + Level 1.4 Ice Magic
 + Level 1.4 Air Magic
 + Level 1.4 Earth Magic
 + Level 1.4 Poison Magic
 + Level 2.0 Invocations
 + Level 1.8 Evocations


You had 12 spell levels left.
You knew the following spells:

 Your Spells              Type           Power      Damage    Failure   Level
a - Blink                 Tloc           40%        N/A       2%          2
b - Apportation           Tloc           40%        N/A       1%          1

Your spell library contained the following spells:

 Spells                   Type           Power      Damage    Failure   Level
 Gell's Gravitas          Tloc           20%        N/A       4%          3
 Lesser Beckoning         Tloc           20%        N/A       4%          3
 Teleport Other           Tloc           20%        N/A       4%          3
 Animate Skeleton         Necr           16%        N/A       9%          1
 Slow                     Hex            32%        N/A       9%          1
 Summon Small Mammal      Summ           32%        N/A       9%          1
 Confusing Touch          Hex            8%         N/A       26%         3
 Vampiric Draining        Necr           8%         2d6       26%         3
 Manifold Assault         Tloc           20%        N/A       41%         5


Dungeon Overview and Level Annotations

Branches:
Dungeon (6/15)             Temple (1/1) D:4

Altars:
Ashenzari
Cheibriados
Dithmenos
Elyvilon
Fedhas
Gozag
Hepliaklqana
Makhleb
Nemelex Xobeh
Okawaru
Qazlal
Ru
Trog
Uskayaw
Vehumet
Wu Jian
Xom
Yredelemnul
Zin
The Shining One

Shops:
D:3 :   D:6 (

Annotations:
D:6 1 runed translucent door, Crazy Yiuf, Menkaure


Innate Abilities, Weirdness & Mutations

You are a tree.
Your roots penetrate the ground, keeping you stationary.
You cannot be teleported.
You are immune to unholy pain and torment.
Your maximum health is greatly increased.
Your equipment is partially melded.
((You have very sharp teeth.))
Your uncanny sense of smell can sniff out nearby items.
Your experience applies equally to all skills.


Message History

Okay, then.
You barely miss Ijyb.
Ijyb is severely wounded.
You hit the orc warrior but do no damage.
Ijyb hits you but does no damage. The orc warrior barely misses you.
You hit Ijyb. You punch Ijyb, but do no damage.
Ijyb is almost dead.
You barely miss the orc wizard.
You hit the orc warrior but do no damage.
Ijyb hits you with a +0 club.
* * * LOW HITPOINT WARNING * * *
The orc wizard gestures at you while chanting.
You resist with some effort.
The orc warrior hits you with a +0 short sword!
* * * LOW HITPOINT WARNING * * *
You hit Ijyb.
You kill Ijyb!
You closely miss the orc wizard. You barely miss the orc warrior.
Your transformation is almost over.
The orc warrior is distracted by your dazzling golden aura.
The orc wizard casts a spell at you.
The magic dart hits you but does no damage.
i - a staff of poison (weapon)
You hit the orc warrior but do no damage.
The orc warrior is no longer distracted by gold.
The orc warrior hits you with a +0 short sword.
* * * LOW HITPOINT WARNING * * *
The orc wizard hits you but does no damage.
You hit the orc warrior.
The orc warrior is lightly wounded.
The orc warrior hits you but does no damage.
The orc wizard hits you but does no damage.
The orc wizard is distracted by your dazzling golden aura.
The orc warrior hits you with a +0 short sword.
* * * LOW HITPOINT WARNING * * *
The orc wizard shouts!
Magic courses through your body.
The orc warrior hits you with a +0 short sword.
You die...
Your body crumbles into a pile of gold.

..#.####.# ######
..........########## ..#.. ..
.............$...######
#.#.##.#
#......###.###........
..#....# ##.....#...##.#######
....# #..................#
...## # #.............####.#
.#.# #.###....$........# #.#
.#.###
........♣o........####.#
.....# ........o##....#....$<#
##.#.# ###............#####o.#
#.#..# #.#.>........# #..##
.###.## #.#..#####.#.#####.<..
##
##.######.#..o...........#o###
# ##.....#.#...####<#.###.#.#
## ##............# #.# ...
.###.#####.......# #.# .#o#


You could see an orc warrior and an orc wizard.

Vanquished Creatures
  A necrophage (D:6)
  A scorpion (D:5)
  A bullfrog skeleton (D:6)
  Ijyb (D:5)
  2 adders
  A worm (D:4)
  2 dart slugs
  2 orcs
  7 ball pythons
  3 endoplasms
  A giant cockroach (D:1)
  5 hobgoblins
  5 jackals (D:1)
  6 bats
  5 goblins
  A rat (D:1)
44 creatures vanquished.

Vanquished Creatures (others)
  A fungus (D:6)
1 creature vanquished.

Grand Total: 45 creatures vanquished

Notes
Turn   | Place    | Note
-------+----------+-------------------------------------------
     0 | D:1      | NinjaNoafa the Gnoll Warper began the quest for the Orb.
     0 | D:1      | Reached XP level 1. HP: 20/20 MP: 6/6
   177 | D:1      | Reached XP level 2. HP: 26/26 MP: 7/7
   965 | D:1      | Reached XP level 3. HP: 29/31 MP: 9/9
  1067 | D:1      | Learned a level 2 spell: Blink
  1184 | D:2      | Reached skill level 5 in Spellcasting
  1461 | D:2      | Reached skill level 1 in Invocations
  2033 | D:3      | Learned a level 1 spell: Apportation
  2164 | D:3      | Found Maopapt's Book Shop.
  2385 | D:3      | You fall into a shaft and drop 3 floors!
  2452 | D:6      | Noticed a water moccasin
  2562 | D:6      | Noticed Menkaure
  2575 | D:6      | Found a runed translucent door.
  2576 | D:6      | Noticed Crazy Yiuf
  2599 | D:6      | Reached skill level 1 in Short Blades
  2599 | D:6      | Reached skill level 1 in Long Blades
  2599 | D:6      | Reached skill level 1 in Maces & Flails
  2599 | D:6      | Reached skill level 1 in Polearms
  2599 | D:6      | Reached skill level 1 in Staves
  2599 | D:6      | Reached skill level 1 in Slings
  2599 | D:6      | Reached skill level 1 in Bows
  2599 | D:6      | Reached skill level 1 in Crossbows
  2599 | D:6      | Reached skill level 1 in Stealth
  2599 | D:6      | Reached skill level 1 in Shields
  2599 | D:6      | Reached skill level 1 in Unarmed Combat
  2599 | D:6      | Reached skill level 1 in Evocations
  2599 | D:6      | Reached XP level 4. HP: 12/38 MP: 8/11
  2614 | D:6      | Noticed a necrophage
  2625 | D:6      | Killed a necrophage
  2626 | D:6      | Reached skill level 1 in Conjurations
  2626 | D:6      | Reached skill level 1 in Hexes
  2626 | D:6      | Reached skill level 1 in Summonings
  2626 | D:6      | Reached skill level 1 in Necromancy
  2626 | D:6      | Reached skill level 1 in Transmutations
  2626 | D:6      | Reached skill level 1 in Fire Magic
  2626 | D:6      | Reached skill level 1 in Ice Magic
  2626 | D:6      | Reached skill level 1 in Air Magic
  2626 | D:6      | Reached skill level 1 in Earth Magic
  2626 | D:6      | Reached skill level 1 in Poison Magic
  2626 | D:6      | Reached XP level 5. HP: 22/43 MP: 12/12
  2882 | D:6      | Found Bus Agekim's Weapon Shoppe.
  2956 | D:5      | Entered Level 5 of the Dungeon
  3252 | D:5      | Noticed an orc warrior
  3272 | D:4      | Reached XP level 6. HP: 18/50 MP: 13/13
  3501 | D:4      | Found a staircase to the Ecumenical Temple.
  3537 | Temple   | Entered the Ecumenical Temple
  4137 | Temple   | Became a worshipper of Gozag Ym Sagoz the Greedy
  4308 | D:4      | Noticed a black bear
  4605 | D:5      | Noticed Ijyb
  4627 | D:5      | Killed Ijyb
  4630 | D:5      | HP: 2/75 [orc warrior/+0 short sword (3)]
  4631 | D:5      | Slain by an orc warrior

Illustrated notes

Levels and vault maps discovered:
D:1:      psy_arrival_dodecagon, layout_basic, grunt_decor_clamped
D:2:      layout_basic
D:3:      layout_basic, ebering_ecumenical_altar_rust, serial_shops,
          shop_fountains
D:4:      layout_basic, minmay_temple_entry_large_hall, dk_rats_in_the_wall
D:5:      layout_loops_ring, uniq_ijyb, uniq_prince_ribbit1
D:6:      layout_basic, serial_shops, shop, nrook_mini_vaults, uniq_menkaure,
          uniq_crazy_yiuf_cottage
Temple:   mainiacjoe_temple_big_plus

Skill      XL: |  1  2  3  4  5  6 |
---------------+-------------------+-----
Spellcasting   | 5 |  5.3
Invocations    | 1 2 |  2.0
Short Blades   | 1 |  1.8
Long Blades    | 1 |  1.8
Maces & Flails | 1 |  1.8
Polearms       | 1 |  1.8
Staves         | 1 |  1.8
Slings         | 1 |  1.8
Bows           | 1 |  1.8
Crossbows      | 1 |  1.8
Stealth        | 1 |  1.8
Shields        | 1 |  1.8
Unarmed Combat | 1 |  1.8
Evocations     | 1 |  1.8
Throwing       | 3 |  3.2
Armour         | 3 |  3.2
Conjurations   | 1 |  1.4
Hexes          | 1 |  1.4
Summonings     | 1 |  1.4
Necromancy     | 1 |  1.4
Transmutations | 1 |  1.4
Fire Magic     | 1 |  1.4
Ice Magic      | 1 |  1.4
Air Magic      | 1 |  1.4
Earth Magic    | 1 |  1.4
Poison Magic   | 1 |  1.4
Fighting       | |  4.9
Axes           | |  4.9
Dodging        | |  4.9
Translocations | |  5.6

Action                   |  1- 3 |  4- 6 || total
-------------------------+-------+-------++-------
Melee: Hand axe          |    70 |    18 ||    88
       Bite              |    18 |     4 ||    22
       Staff             |    82 |    44 ||   126
       Punch             |     1 |     1 ||     2
Throw: Boomerang         |       |     1 ||     1
 Cast: Blink             |     2 |    12 ||    14
       Apportation       |       |     2 ||     2
  Use: Scroll            |     7 |     9 ||    16
       Potion            |     1 |     4 ||     5
 Stab: Sleeping          |     2 |       ||     2
Armor: Leather armour    |    33 |    28 ||    61
       Skin              |       |    16 ||    16
Dodge: Dodged            |   127 |    88 ||   215
